 Dungeon Crawl Stone Soup version 0.21-a0-140-g479285b (webtiles) character file.

35720 kuniqs the Destroyer (level 13, -3/63 HPs)
             Began as a Gargoyle Fire Elementalist on July 20, 2017.
             Was an Elder of Vehumet.
             Killed from afar by a rime drake (11 damage)
             ... with a flash freeze
             ... on level 6 of the Lair of Beasts.
             The game lasted 00:30:35 (16080 turns).

kuniqs the Destroyer (Gargoyle Fire Elementalist)  Turns: 16080, Time: 00:30:35

Health: -3/63      AC: 26    Str: 12    XL:     13   Next: 85%
Magic:  4/35       EV:  9    Int: 30    God:    Vehumet [****..]
Gold:   586        SH: 13    Dex: 10    Spells: 6/30 levels left

rFire    + + .     SeeInvis .   W - staff of conjuration
rCold    + . .     Gourm    .   c - +3 shield "Orugum" {-Tele rF+ MP+9 Int+6}
rNeg     + . .     Faith    .   L - +5 ring mail of Context {rC+}
rPois    ∞         Spirit   .   G - +1 hat {Int+3}
rElec    +         Reflect  .   (no cloak)
rCorr    .         Harm     .   n - +2 pair of gloves
MR       .....     NoTele   +   z - +2 pair of boots
Stlth    +.........             t - amulet of magic regeneration
HPRegen  0.20/turn              (no ring)
MPRegen  0.49/turn              B - ring of protection from fire

@: no status effects
A: negative energy resistance 1, electricity resistance, unbreathing,
petrification resistance, rot immunity, AC +9
a: Renounce Religion


You were on level 6 of the Lair of Beasts.
You worshipped Vehumet.
Vehumet was greatly pleased with you.
You were not hungry.

You visited 3 branches of the dungeon, and saw 16 of its levels.

You collected 844 gold pieces.
You spent 258 gold pieces at shops.

Inventory:

Missiles
 C - 315 stones (quivered)
Armour
 c - the +3 shield "Orugum" (worn) {-Tele rF+ MP+9 Int+6}
   (You acquired it on level 2 of the Lair of Beasts)

   It affects your intelligence (+6).
   It protects you from fire.
   It affects your magic capacity (+9).
   It prevents most forms of teleportation.
 n - a +2 pair of gloves (worn)
 z - a +2 pair of boots (worn)
 G - a +1 hat of intelligence (worn)
 L - the +5 ring mail of Context (worn) {rC+}
   (You found it on level 1 of the Lair of Beasts)

   It protects you from cold.
Magical Staves
 W - an uncursed staff of conjuration (weapon)
Jewellery
 t - an amulet of magic regeneration (around neck)
 B - a ring of protection from fire (right hand)
 O - an uncursed ring of fire
Wands
 y - a wand of disintegration (8/24)
Scrolls
 i - 10 scrolls of identify {@r1}
 j - 8 scrolls of remove curse {@r2}
 k - a scroll of recharging {unknown}
 o - 5 scrolls of enchant armour
 q - 2 scrolls of amnesia {unknown}
 s - 6 scrolls of teleportation
 w - a scroll of noise {unknown}
 x - 4 scrolls of fear
 E - 3 scrolls of fog
 H - 3 scrolls of magic mapping
 I - 3 scrolls of blinking
 J - 4 scrolls of enchant weapon {unknown}
 K - a scroll of holy word {unknown}
 M - a scroll of immolation {unknown}
 P - a scroll of silence {unknown}
 Q - a scroll of brand weapon {unknown}
 U - a scroll of vulnerability {unknown}
Potions
 a - 5 potions of mutation {unknown}
 g - 2 potions of flight {unknown}
 h - 4 potions of brilliance
 l - 5 potions of curing {@q1}
 m - 2 potions of haste
 p - 3 potions of lignification
 r - a potion of ambrosia {unknown}
 u - 4 potions of heal wounds
 A - 2 potions of agility
 R - a potion of might {unknown}
 T - a potion of degeneration {unknown}
 V - a potion of magic {unknown}
Books
 b - a book of Flames

   Spells                             Type                      Level
   a - Flame Tongue                   Conjuration/Fire             1
   b - Throw Flame                    Conjuration/Fire             2
   c - Conjure Flame                  Conjuration/Fire             3
   d - Inner Flame                    Hexes/Fire                   3
   e - Sticky Flame                   Conjuration/Fire             4
   f - Fireball                       Conjuration/Fire             5
Miscellaneous
 F - a lamp of fire
 N - a lightning rod (4/4)
Comestibles
 d - 13 bread rations
 e - 6 meat rations
 f - a fruit
 v - 4 chunks of flesh
 D - 3 royal jellies


   Skills:
 - Level 1.5 Dodging
 - Level 2.1 Stealth
 * Level 9.7 Shields
 + Level 9.4 Spellcasting
 + Level 11.6 Conjurations
 - Level 8.0 Hexes
 + Level 11.2 Fire Magic
 + Level 5.5 Ice Magic
 - Level 7.3 Earth Magic


You had 6 spell levels left.
You knew the following spells:

 Your Spells              Type           Power        Failure   Level  Hunger
a - Flame Tongue          Conj/Fire      #####        1%          1    None
b - Throw Flame           Conj/Fire      ######       1%          2    None
c - Throw Icicle          Conj/Ice       #######.     1%          4    None
d - Sticky Flame          Conj/Fire      #######.     1%          4    None
e - Cause Fear            Hex            ######....   6%          4    None
f - Sandblast             Erth           ######       1%          1    None
g - Fireball              Conj/Fire      #######...   1%          5    ###....
h - Conjure Flame         Conj/Fire      #######.     1%          3    None


Dungeon Overview and Level Annotations

Branches:
Dungeon (9/15)             Temple (1/1) D:5            Lair (6/6) D:9
  Swamp (0/4) Lair:2        Slime (0/5) Lair:6
  Snake: Lair:2-4    Spider: Lair:2-4       Orc: D:9-12

Altars:
Ashenzari
Cheibriados
Dithmenos
Elyvilon
Fedhas
Gozag
Hepliaklqana
Kikubaaqudgha
Makhleb
Nemelex Xobeh
Okawaru
Qazlal
Ru
Sif Muna
Trog
Uskayaw
Vehumet
Wu Jian
Xom
Yredelemnul
Zin
The Shining One
Jiyva

Shops:
D:5 ?   D:7 }}!:   D:8 ?   D:9 (

Annotations:
Lair:4 Rupert


Innate Abilities, Weirdness & Mutations

You are resistant to torment.
Your stone body is resilient. (AC +9)
You are immune to poison.
You resist negative energy. (rN+)
You are resistant to electric shocks. (rElec)
You can survive without breathing.
You are immune to petrification.
You are immune to rotting.


Message History

Aim: a hornet (heavily wounded, covered in liquid flames)
You feel a surge of power!
The flame tongue hits the hornet.
The ice encasing you melts away.
The hornet burns!
You kill the hornet!
Vehumet accepts your kill.
You feel your power returning. The water moccasin bites you.
* * * LOW HITPOINT WARNING * * *
The water moccasin bites you but does no damage.
Aim: a water moccasin (severely wounded)
You feel a surge of power!
The sticky flame hits the water moccasin.
The water moccasin is covered in liquid flames!
The water moccasin burns!
You kill the water moccasin!
Vehumet accepts your kill.
You feel your power returning. The rime drake breathes ice at you.
The flash freeze hits you! You partially resist.
You die...

≈≈.# ≈≈≈≈ #≈##..S.....
#########..########≈##≈†......
≈≈≈≈≈≈≈≈≈≈≈≈≈≈≈≈≈≈≈≈≈†≈.......
≈≈≈≈≈≈≈≈≈≈≈≈≈≈PP≈≈≈≈≈≈........
##≈≈##≈≈.#≈≈##≈≈##≈≈.†≈.......
#.P≈##†≈#.≈≈#.≈P#.≈†.††.......
.≈........≈≈.≈.....≈.......D..
###.###.......P..†............
### #.......#.@k............
##..........P...........
#.........#............
#........#..#.........%
##........####.........
#...†.....P###########
#P...........# #...........#.#
##............#


You could see a rime drake.

Vanquished Creatures
  Fannar (Lair:2)
  5 hydras
  An ice dragon (Lair:5)
  Erica (D:8)
  A merfolk avatar (Lair:6)
  A two-headed ogre (D:8)
  4 death yaks
  Urug (Lair:5)
  A fire crab (Lair:6)
  A harpy (Lair:6)
  5 elephants
  3 black mambas
  13 spiny frogs
  A torpor snail (Lair:5)
  6 komodo dragons
  3 rime drakes (Lair:6)
  A wind drake (Lair:6)
  A troll (D:9)
  2 hornets (Lair:6)
  Grinder (D:3)
  2 polar bears
  4 blink frogs (Lair:6)
  9 dream sheep
  6 hippogriffs
  A spriggan (D:7)
  5 wyverns
  10 yaks
  3 basilisks
  A hungry ghost (D:9)
  4 swamp worms (Lair:2)
  2 nagas (Lair:4)
  Duvessa (D:5)
  6 porcupines
  12 water moccasins
  2 black bears
  2 orc warriors
  3 sky beasts
  5 ice beasts
  An eye of draining (D:7)
  A phantom (D:8)
  An ogre (D:7)
  5 wolves (Lair:6)
  16 crocodiles
  A big kobold (D:7)
  11 bullfrogs
  2 scorpions
  A water moccasin skeleton (D:7)
  Dowan (D:5)
  9 wights
  3 howler monkeys
  An electric eel (Lair:2)
  A bullfrog zombie (D:5)
  6 crimson imps
  2 centaur skeletons
  3 hounds
  4 jellies
  4 orc priests (D:6)
  2 bullfrog skeletons
  4 iguanas
  2 orc wizards
  Natasha (thrice) (D:3)
  4 worker ants
  The ghost of Xenophilius the Ruffian, a weakling TrWr (D:4)
  2 hound skeletons
  4 gnolls (D:4)
  6 adders
  4 shadow imps
  An ooze (D:4)
  2 adder zombies (D:6)
  2 adder skeletons
  6 worms
  2 dart slugs
  4 leopard geckos
  16 orcs
  7 bats
  A bat zombie (D:2)
  2 giant cockroaches (D:1)
  4 goblins
  8 hobgoblins
  16 jackals
  15 kobolds
  3 quokkas
  3 ball pythons
  5 frilled lizards
  8 rats
  A spectral orc (D:9)
  A plant (Lair:6)
343 creatures vanquished.

Vanquished Creatures (others)
  7 fungi (Lair:6)
  10 plants
17 creatures vanquished.

Grand Total: 360 creatures vanquished

Notes
Turn   | Place    | Note
-------+----------+-------------------------------------------
     0 | D:1      | kuniqs the Gargoyle Fire Elementalist began the quest for the Orb.
     0 | D:1      | Reached XP level 1. HP: 10/10 MP: 3/3
   209 | D:1      | Reached XP level 2. HP: 15/15 MP: 0/5
   264 | D:1      | Learned a level 2 spell: Throw Flame
   473 | D:1      | Reached XP level 3. HP: 19/19 MP: 4/6
   880 | D:2      | Found a faded altar of an unknown god.
  1073 | D:2      | Found a white marble altar of Elyvilon.
  1226 | D:2      | Found a sparkling altar of Nemelex Xobeh.
  1401 | D:2      | Found an opulent altar of Gozag.
  1403 | D:2      | Noticed a sky beast
  1406 | D:2      | Found a transporter.
  1418 | D:2      | Found a transporter.
  1435 | D:2      | Found a sacrificial altar of Ru.
  1630 | D:2      | Reached XP level 4. HP: 24/24 MP: 4/7
  1745 | D:3      | Learned a level 3 spell: Conjure Flame
  1796 | D:3      | Found a stormy altar of Qazlal.
  1977 | D:3      | Found a glowing golden altar of the Shining One.
  2043 | D:3      | Found an ancient bone altar of Kikubaaqudgha.
  2135 | D:3      | Noticed Natasha
  2145 | D:3      | Killed Natasha
  2277 | D:3      | Noticed Grinder
  2476 | D:3      | Paralysed by Grinder for 7 turns
  2483 | D:3      | HP: 1/24 [Grinder/nerve-wracking pain (6)]
  2760 | D:4      | Found a burning altar of Makhleb.
  2765 | D:4      | Reached XP level 5. HP: 28/28 MP: 3/8
  2789 | D:4      | Noticed Xenophilius's ghost (weakling TrWr)
  2850 | D:3      | Noticed Natasha
  2857 | D:3      | Killed Natasha
  3079 | D:3      | Reached skill level 5 in Fire Magic
  3138 | D:4      | Reached XP level 6. HP: 29/32 MP: 5/9
  3288 | D:4      | Killed Xenophilius's ghost
  3431 | D:4      | Found a deep blue altar of Sif Muna.
  3431 | D:4      | Noticed an orc warrior
  3459 | D:5      | Entered Level 5 of the Dungeon
  3707 | D:5      | Found Ceul's Magic Scroll Boutique.
  3732 | D:5      | Bought a scroll of identify for 24 gold pieces
  3732 | D:5      | Bought a scroll of fear for 42 gold pieces
  3737 | D:5      | Reached skill level 5 in Conjurations
  3748 | D:5      | Reached XP level 7. HP: 34/36 MP: 3/11
  4301 | D:5      | Noticed Dowan
  4307 | D:5      | Noticed Duvessa
  4307 | D:5      | Killed Dowan
  4321 | D:5      | Killed Duvessa
  4791 | D:5      | Found a staircase to the Ecumenical Temple.
  4820 | Temple   | Entered the Ecumenical Temple
  4872 | Temple   | Became a worshipper of Vehumet
  4991 | Temple   | Reached XP level 8. HP: 34/41 MP: 13/13
  5333 | D:6      | Learned a level 4 spell: Cause Fear
  5341 | D:6      | Learned a level 4 spell: Sticky Flame
  5426 | D:6      | Reached skill level 1 in Hexes
  5486 | D:6      | Reached * piety under Vehumet
  5486 | D:6      | Offered knowledge of Sandblast by Vehumet.
  5602 | D:6      | Learned a level 1 spell: Sandblast
  6191 | D:6      | Reached skill level 1 in Earth Magic
  6280 | D:7      | Found Fuschopteo's Book Shop.
  6299 | D:6      | Reached XP level 9. HP: 43/45 MP: 7/16
  6642 | D:7      | Reached skill level 5 in Spellcasting
  6873 | D:7      | Offered knowledge of Sting by Vehumet.
  6901 | D:7      | Reached ** piety under Vehumet
  7073 | D:7      | Found Qurug's Distillery.
  7078 | D:7      | Bought a potion of heal wounds for 60 gold pieces
  7241 | D:7      | Found Deilir's Gadget Shoppe.
  7279 | D:7      | Found Kyhuge's Gadget Shoppe.
  7519 | D:4      | Reached skill level 5 in Hexes
  7829 | D:3      | Noticed Natasha
  7835 | D:3      | Killed Natasha
  7859 | D:3      | Paralysed by Grinder for 2 turns
  7861 | D:3      | Killed Grinder
  8226 | D:8      | Found a sacrificial altar of Ru.
  8250 | D:8      | Reached XP level 10. HP: 50/50 MP: 15/18
  8254 | D:8      | Noticed a two-headed ogre
  8258 | D:8      | Noticed Erica
  8275 | D:8      | Killed Erica
  8281 | D:8      | Killed a two-headed ogre
  8413 | D:8      | Found Uxymadi's Magic Scroll Boutique.
  8419 | D:8      | Bought a scroll of magic mapping for 42 gold pieces
  8419 | D:8      | Bought a scroll of blinking for 90 gold pieces
  8542 | D:8      | Learned a level 5 spell: Fireball
  8707 | D:8      | Found a blossoming altar of Fedhas.
  8873 | D:9      | Found a hazy altar of Hepliaklqana.
  8904 | D:9      | Found a hide-covered altar of Uskayaw.
  8958 | D:9      | Reached skill level 5 in Earth Magic
  9020 | D:9      | Found Zurphua's Weapon Shop.
  9112 | D:9      | Found a staircase to the Lair.
  9112 | D:9      | Noticed an elephant
  9131 | D:9      | Killed an elephant
  9244 | D:9      | Found a basalt altar of Yredelemnul.
  9246 | D:9      | Offered knowledge of Ignite Poison by Vehumet.
  9309 | D:9      | Noticed a two-headed ogre
  9538 | D:9      | Reached XP level 11. HP: 38/54 MP: 15/20
  9781 | Lair:1   | Entered Level 1 of the Lair of Beasts
  9781 | Lair:1   | Noticed a five-headed hydra
  9796 | Lair:1   | Killed a five-headed hydra
  9997 | Lair:1   | Reached *** piety under Vehumet
 10434 | Lair:1   | Identified the +5 ring mail of Context {rC+} (You found it on level 1 of the Lair of Beasts)
 11170 | Lair:2   | Noticed Fannar
 11183 | Lair:2   | Killed Fannar
 11302 | Lair:2   | Identified 3 scrolls of acquirement
 11328 | Lair:2   | Got a shimmering shield
 11329 | Lair:2   | Identified the +3 shield "Orugum" {-Tele rF+ MP+9 Int+6} (You acquired it on level 2 of the Lair of Beasts)
 11517 | Lair:2   | Found a staircase to the Swamp.
 11710 | Lair:2   | Reached skill level 1 in Shields
 11837 | Lair:2   | Offered knowledge of Throw Icicle by Vehumet.
 11837 | Lair:2   | Reached skill level 10 in Conjurations
 11843 | Lair:2   | Learned a level 4 spell: Throw Icicle
 12291 | Lair:3   | Reached XP level 12. HP: 49/59 MP: 17/23
 12576 | Lair:3   | Reached skill level 1 in Ice Magic
 12908 | Lair:3   | Reached **** piety under Vehumet
 13015 | Lair:4   | Noticed a death yak
 13015 | Lair:4   | Noticed a death yak
 13015 | Lair:4   | Noticed a death yak
 13016 | Lair:4   | Noticed a death yak
 13028 | Lair:4   | Killed a death yak
 13028 | Lair:4   | Reached skill level 10 in Fire Magic
 13076 | Lair:3   | Killed a death yak
 13198 | Lair:3   | Offered knowledge of Stone Arrow by Vehumet.
 13198 | Lair:3   | Reached skill level 5 in Shields
 13247 | Lair:4   | Noticed a four-headed hydra
 13421 | Lair:4   | Killed a death yak
 13429 | Lair:4   | Killed a death yak
 13498 | Lair:4   | Killed a four-headed hydra
 13562 | Lair:4   | Noticed Rupert
 13698 | Lair:5   | Noticed an eight-headed hydra
 13703 | Lair:5   | Killed an eight-headed hydra
 13704 | Lair:5   | Noticed a six-headed hydra
 13749 | Lair:5   | Killed a six-headed hydra
 13935 | Lair:5   | Identified the cursed +1 ring mail "Vijedwac" {rPois Regen+} (You found it on level 5 of the Lair of Beasts)
 13987 | Lair:5   | Noticed Urug
 14050 | Lair:5   | Killed Urug
 14099 | Lair:5   | Noticed a seven-headed hydra
 14109 | Lair:5   | Killed a seven-headed hydra
 14202 | Lair:5   | Reached XP level 13. HP: 63/63 MP: 22/25
 14313 | Lair:5   | Noticed an ice dragon
 14329 | Lair:5   | Killed an ice dragon
 14784 | Lair:6   | Entered Level 6 of the Lair of Beasts
 14900 | Lair:6   | Found a staircase to the Slime Pits.
 14900 | Lair:6   | Found a viscous altar of Jiyva.
 15527 | Lair:6   | Reached skill level 5 in Ice Magic
 15720 | Lair:6   | Reached ***** piety under Vehumet
 15720 | Lair:6   | Offered knowledge of Bolt of Cold by Vehumet.
 16080 | Lair:6   | Killed from afar by a rime drake

Vault maps used:
D:1:      minmay_arrival_checkered_box
D:2:      overflow_temple_1_default, nicolae_ru_awakened_eye,
          nemelex_xobeh_ov_fountains_minmay, gammafunk_temple_overflow_arena,
          chequers_ecumenical_altar_simple, kennysheep_big_empty_room
D:3:      nicolae_overflow_hidden_temple, kiku_gazebo_pond_becter,
          nicolae_qazlal_general_emergency, uniq_natasha, uniq_grinder
D:4:      lemuel_doored_altar, nicolae_overflow_crystal_walls
D:5:      minmay_temple_entry_nine_rooms, first_bread, serial_shops, shop,
          uniq_duvessa
D:7:      serial_shops, nicolae_shop_stone, shop,
          nicolae_shop_competitors_out_of_business, nicolae_shop_trees,
          the_bakery, hex_medium, minmay_item_behind_shaft,
          hangedman_abyss_or_decor_passed
D:8:      kennysheep_mini, serial_shops, shop, basic_altar, uniq_erica
D:9:      yredelemnul_forgotten_temple_becter, kennysheep_little_box,
          kennysheep_mini_moat, david_lair_generic, serial_shops, shop,
          kennysheep_opposing_triangles
Temple:   jpeg_temple_island
Lair:1:   beast_lair_carwin_2, serial_bayou_shore_b
Lair:2:   nicolae_swamp_entry_splash_gauntlet, uniq_fannar
Lair:4:   minmay_snake_entry_guardpost_medium, grunt_megastairs_4, uniq_rupert
Lair:5:   dragon1_lemuel, uniq_urug
Lair:6:   gammafunk_lair_ancient_temple, slime_altar_1

Skill      XL: |  1  2  3  4  5  6  7  8  9 10 11 12 13 |
---------------+----------------------------------------+-----
Conjurations   | 2 3 4 5 6 7 8 9 10 11 | 11.6
Fire Magic     | 4 5 6 7 8 9 10 11 | 11.2
Spellcasting   | 3 4 5 6 7 8 9 |  9.4
Hexes          | 3 5 7 8 |  8.0
Earth Magic    | 1 3 5 7 |  7.3
Shields        | 3 7 9 |  9.7
Ice Magic      | 3 5 |  5.5
Dodging        | |  1.5
Stealth        | |  2.1

Action                   |  1- 3 |  4- 6 |  7- 9 | 10-12 | 13-15 || total
-------------------------+-------+-------+-------+-------+-------++-------
Melee: Unarmed           |    38 |       |       |       |       ||    38
       Scimitar          |     4 |    29 |   190 |     5 |       ||   228
       Double sword      |       |       |       |     2 |     8 ||    10
 Cast: Flame Tongue      |    66 |   101 |   231 |   379 |    53 ||   830
       Conjure Flame     |       |     1 |     3 |    25 |     3 ||    32
       Throw Flame       |       |       |     6 |    15 |   131 ||   152
       Sticky Flame      |       |       |     6 |    42 |    31 ||    79
       Cause Fear        |       |       |     1 |    12 |       ||    13
       Sandblast         |       |       |       |    14 |       ||    14
       Throw Icicle      |       |       |       |    24 |    14 ||    38
       Fireball          |       |       |       |       |     9 ||     9
  Use: Scroll            |       |       |     6 |     7 |       ||    13
       Potion            |       |       |     5 |     1 |       ||     6
  Eat: Chunk             |     3 |    10 |    12 |    23 |     8 ||    56
       Royal jelly       |       |       |     2 |       |       ||     2
       Fruit             |       |       |       |     1 |       ||     1
Armor: Robe              |    35 |    36 |   153 |     3 |       ||   227
       Ring mail         |       |       |       |   132 |    60 ||   192
Dodge: Dodged            |    46 |    45 |   163 |   110 |    39 ||   403
Block: Shield            |       |       |       |       |    39 ||    39
       Rpst.: Scimitar   |     4 |    12 |    52 |    22 |       ||    90
       Double sword      |       |       |       |     1 |     3 ||     4
